 Dungeon Crawl Stone Soup version 0.30.1-9-gdf580d7c3d (webtiles) character file.

Game seed: 4512089182856317224

532 KittyFluff the Cudgeller (level 7, 0/66 HPs)
             Began as a Gargoyle Berserker on Oct 18, 2023.
             Was a Priest of Trog.
             Slain by a vampire mosquito (3 damage)
             ... on level 5 of the Dungeon.
             The game lasted 00:13:18 (3686 turns).

KittyFluff the Cudgeller (Gargoyle Berserker)       Turns: 3686, Time: 00:13:19

Health: 0/66       AC: 13    Str: 23    XL:     7   Next: 24%
Magic:  7/7        EV: 12    Int:  7    God:    Trog [***...]
Gold:   242        SH:  0    Dex:  9    Spells: 6/6 levels left

rFire   . . .        a - +0 mace
rCold   . . .        (no shield)
rNeg    + . .        q - +0 leather armour
rPois   ∞            w - +1 helmet
rElec   +            (no cloak)
rCorr   .            r - +2 pair of gloves
SInv    .            (no boots)
Will    +....        (no amulet) Stlth
                     u - ring of willpower
HPRegen 0.31/turn    (no ring)
MPRegen 0.10/turn

%: no passive effects
@: berserking, very quick
A: sickness immunity, AC +4, negative energy resistance 1, electricity
resistance, torment resistance 1, petrification resistance
a: Renounce Religion, Berserk, Trog's Hand


You were on level 5 of the Dungeon.
You worshipped Trog.
Trog was most pleased with you.
You visited 1 branch of the dungeon, and saw 5 of its levels.

You collected 242 gold pieces.

Inventory:

Hand Weapons
 a - a +0 mace (weapon)
 p - a +0 sling
 s - a +0 morningstar
Missiles
 i - 4 poisoned darts (quivered)
 y - 2 javelins
Armour
 q - a +0 leather armour (worn)
 r - a +2 pair of gloves (worn)
 w - a +1 helmet (worn)
Jewellery
 u - a ring of willpower (left hand)
 x - a ring of positive energy
Scrolls
 b - 2 scrolls of teleportation {unknown}
 c - a scroll of immolation {unknown}
 e - a scroll of fear {unknown}
 g - a scroll of poison {unknown}
 k - a scroll of silence {unknown}
 l - a scroll of acquirement {unknown}
 o - 2 scrolls of magic mapping {unknown}
 A - a scroll of vulnerability {unknown}
 C - a scroll of torment {unknown}
Potions
 d - 3 potions of curing
 f - a potion of attraction
 j - a potion of ambrosia
 m - a potion of degeneration
 n - 2 potions of haste
 t - a potion of resistance {unknown}
 v - 2 potions of brilliance {unknown}
 z - a potion of mutation {unknown}
 B - a potion of flight {unknown}


   Skills:
 + Level 4.6 Fighting
 * Level 5.2 Maces & Flails
 * Level 5.1 Armour
 + Level 2.9 Dodging


You had 6 spell levels left.
You didn't know any spells.
Your spell library was empty.

Dungeon Overview and Level Annotations

Branches:
Dungeon (5/15)
 Temple: D:4-7

Altars:
Nemelex Xobeh


Innate Abilities, Weirdness & Mutations

You are immune to sickness and miasma.
Your stone body is resilient. (AC +4)
You are immune to poison.
You resist negative energy. (rN+)
You are resistant to electric shocks. (rElec)
You are resistant to unholy torment.
You are immune to petrification.


Message History

The vampire mosquito attacks as you move away!
The vampire mosquito bites you.
The vampire mosquito bites you but does no damage. x2
The vampire mosquito attacks as you move away!
The vampire mosquito bites you. The vampire mosquito bites you!
The vampire mosquito barely misses you. The vampire mosquito misses you.
The vampire mosquito closely misses you.
The vampire mosquito misses you.
You open the door.
The vampire mosquito barely misses you. x2
The vampire mosquito bites you. The vampire mosquito misses you. x2
The vampire mosquito barely misses you.
The vampire mosquito bites you but does no damage.
The vampire mosquito bites you! The vampire mosquito misses you.
The vampire mosquito closely misses you.
The vampire mosquito bites you but does no damage.
The vampire mosquito bites you!
* * * LOW HITPOINT WARNING * * *
There is an open door here.
A red film seems to cover your vision as you go berserk!
You feel yourself moving faster!
You feel mighty! The vampire mosquito barely misses you.
The vampire mosquito bites you but does no damage. x2
You miss the vampire mosquito.
The vampire mosquito closely misses you. x2
The vampire mosquito bites you.
* * * LOW HITPOINT WARNING * * *
The vampire mosquito closely misses you.
You closely miss the vampire mosquito. The vampire mosquito bites you.
* * * LOW HITPOINT WARNING * * *
The vampire mosquito bites you but does no damage.
You sock the vampire mosquito!
The vampire mosquito is heavily damaged.
The vampire mosquito bites you but does no damage.
The vampire mosquito barely misses you.
You sock the vampire mosquito!
The vampire mosquito is almost destroyed.
The vampire mosquito barely misses you. The vampire mosquito bites you.
You die...

#.... +... #... #... . #..#
#... ######..#....#
........#....#
......y@+....#
##.####y#....###+##
#yy..........#
#...........(#
#............#
##########............#####
............########......#
............#......#......#
............#......'......#


You could see 4 vampire mosquitoes.

Vanquished Creatures
  A black bear (D:4)
  2 scorpions (D:4)
  3 hounds (D:4)
  2 iguanas
  6 adders
  2 worms
  3 dart slugs
  9 orcs (D:3)
  7 ball pythons
  4 endoplasms
  6 giant cockroaches
  10 hobgoblins
  16 jackals
  5 quokkas
  2 bats
  4 frilled lizards
  13 goblins
  A kobold (D:1)
  A rat (D:2)
97 creatures vanquished.

Notes
Turn   | Place    | Note
-------+----------+-------------------------------------------
     0 | D:1      | KittyFluff the Gargoyle Berserker began the quest for the
                  | Orb.
     0 | D:1      | Reached XP level 1. HP: 14/14 MP: 1/1
   161 | D:1      | Reached XP level 2. HP: 13/19 MP: 2/2
   767 | D:1      | Reached XP level 3. HP: 20/23 MP: 3/3
  1411 | D:2      | Reached ** piety under Trog
  1806 | D:3      | Reached XP level 4. HP: 29/29 MP: 4/4
  2620 | D:3      | Reached XP level 5. HP: 31/33 MP: 5/5
  2826 | D:4      | Noticed a black bear
  2849 | D:4      | Killed a black bear
  2850 | D:4      | Reached XP level 6. HP: 30/38 MP: 6/6
  3298 | D:4      | Reached *** piety under Trog
  3335 | D:4      | Reached skill level 5 in Maces & Flails
  3353 | D:4      | Reached XP level 7. HP: 38/44 MP: 7/7
  3358 | D:4      | Reached skill level 5 in Armour
  3372 | D:4      | Found a sparkling altar of Nemelex Xobeh.
  3587 | D:5      | Entered Level 5 of the Dungeon
  3669 | D:5      | Noticed a vampire mosquito
  3669 | D:5      | Noticed a vampire mosquito
  3669 | D:5      | Noticed a vampire mosquito
  3670 | D:5      | Noticed a vampire mosquito
  3684 | D:5      | HP: 3/66 [vampire mosquito (2)]
  3686 | D:5      | Slain by a vampire mosquito

Illustrated notes

Levels and vault maps discovered:
D:1:      evilmike_arrival_hilbert_curve, layout_basic, minmay_distorted
D:2:      cheibrodos_greedy_goblins, layout_basic
D:3:      layout_loops_ring
D:4:      kennysheep_spiral_hall, layout_rooms, lemuel_round_altar,
          minmay_misc_feat_x
D:5:      layout_gridville, uniq_eustachio

Skill      XL: |  1  2  3  4  5  6  7 |
---------------+----------------------+-----
Dodging        | 2 |  2.9
Armour         | 3 4 5 |  5.1
Maces & Flails | 4 5 |  5.2
Fighting       | 4 |  4.6

Action                     |  1- 3 |  4- 6 |  7- 9 || total
---------------------------+-------+-------+-------++-------
  Melee: Mace              |   111 |   251 |    31 ||   393
         Punch             |       |     2 |       ||     2
 Invoke: Berserk           |       |     1 |     1 ||     2
    Use: Scroll            |       |       |     5 ||     5
 Armour: Animal skin       |    30 |       |       ||    30
         Leather armour    |    14 |   162 |    19 ||   195
  Dodge: Dodged            |    79 |   177 |    46 ||   302
